 Dungeon Crawl Stone Soup version 0.22.0-81-g402daae (webtiles) character file.

4260 JeffiDaFish the Protected (level 10, -6/68 HPs)
             Began as a Gargoyle Fighter on Sept 16, 2018.
             Was a Believer of Okawaru.
             Mangled by a queen bee (10 damage)
             ... on level 9 of the Dungeon.
             The game lasted 00:14:40 (8646 turns).

JeffiDaFish the Protected (Gargoyle Fighter)        Turns: 8646, Time: 00:14:42

Health: -6/68      AC: 25    Str: 23    XL:     10   Next: 31%
Magic:  10/10      EV:  7    Int:  9    God:    Okawaru [**....]
Gold:   418        SH: 13    Dex:  9    Spells: 9/9 levels left

rFire    . . .     SeeInvis +   a - +1 flail
rCold    + . .     Gourm    .   c - +2 shield
rNeg     + . .     Faith    .   l - +2 chain mail {rC+}
rPois    ∞         Spirit   .   i - +0 helmet
rElec    +         Reflect  .   h - +0 cloak
rCorr    +         Harm     .   (no gloves)
MR       +....                  j - +0 pair of boots
Stlth    ..........             (no amulet)
HPRegen  0.21/turn              m - ring of resist corrosion
MPRegen  0.12/turn              q - ring of see invisible

@: no status effects
A: big wings, talons 1, magic resistance 1, negative energy resistance 1,
electricity resistance, unbreathing, petrification resistance, rot immunity,
MP-powered wands, AC +7
a: Fly, Heroism, Renounce Religion


You were on level 9 of the Dungeon.
You worshipped Okawaru.
Okawaru was pleased with you.
You were hungry.

You visited 2 branches of the dungeon, and saw 10 of its levels.

You collected 418 gold pieces.

Inventory:

Hand Weapons
 a - a +1 flail (weapon)
 g - the +9 staff of Wucad Mu {channel}
   (You found it on level 4 of the Dungeon)
Armour
 c - a +2 shield (worn)
 h - a +0 cloak (worn)
 i - a +0 helmet (worn)
 j - a +0 pair of boots (worn)
 l - a +2 chain mail of cold resistance (worn)
Jewellery
 m - a ring of resist corrosion (left hand)
 q - a ring of see invisible (right hand)
Wands
 r - a wand of polymorph (10)
 t - a wand of scattershot (6)
Scrolls
 b - 2 scrolls of magic mapping
 e - 6 scrolls of identify
 n - 2 scrolls of remove curse
 o - a scroll of teleportation
Potions
 k - a potion of magic
 s - a potion of might
Comestibles
 f - 8 rations


   Skills:
 * Level 9.9 Fighting
 + Level 6.2 Maces & Flails
 * Level 9.9 Armour
 + Level 7.4 Shields


You had 9 spell levels left.
You didn't know any spells.
Your spell library was empty.

Dungeon Overview and Level Annotations

Branches:
Dungeon (9/15)             Temple (1/1) D:6
   Lair: D:8-11         Orc: D:9-12

Altars:
Ashenzari
Dithmenos
Elyvilon
Fedhas
Gozag
Hepliaklqana
Kikubaaqudgha
Makhleb
Nemelex Xobeh
Okawaru
Qazlal
Ru
Trog
Uskayaw
Wu Jian
Xom
Yredelemnul
Zin
The Shining One

Shops:
D:7 :*


Innate Abilities, Weirdness & Mutations

You are resistant to torment.
Your stone body is resilient. (AC +7)
You are immune to poison.
You resist negative energy. (rN+)
You are resistant to electric shocks. (rElec)
You can survive without breathing.
You are immune to petrification.
You are immune to rotting.
Your large and strong wings let you fly indefinitely.
You have sharp toenails.
You are resistant to hostile enchantments. (MR+)
You expend magic power (3 MP) to strengthen your wands.


Message History

You block the killer bee's attack.
The queen bee calls on the killer bee to defend it!
The killer bee goes berserk!
You block the killer bee's attack.
The killer bee stings you but does no damage.
You closely miss the queen bee.
The queen bee is moderately wounded.
The killer bee stings you! The killer bee stings you.
The killer bee barely misses you.
The killer bee stings you but does no damage.
The queen bee stings you!
* * * LOW HITPOINT WARNING * * *
You block the killer bee's attack. The killer bee completely misses you.
You feel much better. The killer bee stings you.
You block the killer bee's attack. The killer bee stings you!
* * * LOW HITPOINT WARNING * * *
The killer bee stings you but does no damage.
The killer bee stings you!
* * * LOW HITPOINT WARNING * * *
The queen bee stings you!
You die...

...##.###.#.....≈≈≈≈≈≈≈≈#
...##...#.#.....≈≈≈≈≈≈≈≈≈
...##.#.#.#.....≈≈≈≈≈≈≈≈≈
...##.#.#.#....≈≈≈≈≈≈≈≈≈.
........#.......≈≈≈≈≈≈≈..
...............yy≈≈≈≈≈#..
.......#####.###y#≈≈≈..
.......#..)....#y#.≈.#
.......#.#≈###.#@#.#.##.
########.≈≈(((((yyF.....
#≈≈≈≈≈#..<....###
#.≈≈≈#####....... #.#≈.#
#....## #.##.# ....# #.
... ....# ## #+# ....#
...#


You could see a queen bee, a bullfrog and 5 killer bees.

Vanquished Creatures
  Grinder (D:3)
  A hippogriff (D:9)
  Sigmund (D:2)
  Eustachio (D:4)
  2 hungry ghosts
  Menkaure (D:7)
  Duvessa (D:5)
  A water moccasin (D:6)
  2 orc warriors
  2 ice beasts (D:6)
  2 phantoms
  2 sky beasts (D:7)
  4 ogres
  A centaur (D:5)
  A big kobold (D:8)
  A bullfrog (D:7)
  Dowan (D:5)
  A wyvern skeleton (D:9)
  A water moccasin skeleton (D:7)
  8 killer bees
  2 electric eels (D:9)
  A crimson imp (D:6)
  3 bullfrog zombies
  3 jellies
  2 hounds
  A centaur zombie (D:8)
  3 orc priests
  Crazy Yiuf (D:3)
  A gnoll shaman (D:4)
  6 orc wizards
  Ijyb (D:3)
  Jessica (D:2)
  5 worker ants
  3 iguanas
  Terence (D:4)
  A hound skeleton (D:4)
  A howler monkey zombie (D:5)
  A howler monkey skeleton (D:8)
  10 adders
  4 gnolls (D:4)
  2 shadow imps
  An adder zombie (D:6)
  An adder skeleton (D:6)
  A worm (D:5)
  2 dart slugs (D:1)
  2 leopard geckos
  16 orcs
  2 bats (D:2)
  5 giant cockroaches
  7 hobgoblins
  6 jackals
  A quokka (D:4)
  2 ball pythons
  5 frilled lizards
  7 goblins
  12 kobolds
  A leopard gecko zombie (D:7)
  8 rats
167 creatures vanquished.

Vanquished Creatures (others)
  A bush (D:5)
1 creature vanquished.

Grand Total: 168 creatures vanquished

Notes
Turn   | Place    | Note
-------+----------+-------------------------------------------
     0 | D:1      | JeffiDaFish the Gargoyle Fighter began the quest for the
                  | Orb.
     0 | D:1      | Reached XP level 1. HP: 14/14 MP: 1/1
    58 | D:1      | Reached XP level 2. HP: 13/19 MP: 2/2
   380 | D:1      | Gained mutation: You expend magic power (3 MP) to
                  | strengthen your wands. [potion of mutation]
   380 | D:1      | Gained mutation: You are resistant to hostile enchantments.
                  | (MR+) [potion of mutation]
   380 | D:1      | Gained mutation: Your large and strong wings let you fly
                  | indefinitely. [potion of mutation]
   380 | D:1      | Gained mutation: You have sharp toenails. [potion of
                  | mutation]
   636 | D:2      | Reached XP level 3. HP: 23/23 MP: 3/3
   780 | D:2      | Noticed Sigmund
   812 | D:2      | HP: 1/24 [Sigmund/puff of flame (5)]
   820 | D:2      | HP: 1/24 [something/puff of flame (1)]
   822 | D:2      | Killed Sigmund
   822 | D:2      | Reached XP level 4. HP: 1/30 MP: 4/4
   822 | D:2      | Reached XP level 5. HP: 1/34 MP: 5/5
  1285 | D:2      | Noticed Jessica
  1298 | D:2      | Killed Jessica
  1428 | D:2      | Reached XP level 6. HP: 36/40 MP: 6/6
  1522 | D:2      | Found a faded altar of an unknown god.
  1635 | D:2      | Found a sacrificial altar of Ru.
  1656 | D:3      | Reached skill level 5 in Armour
  1838 | D:3      | Found a runed door.
  1842 | D:3      | Noticed Crazy Yiuf
  1872 | D:3      | Killed Crazy Yiuf
  1909 | D:3      | Noticed Ijyb
  1945 | D:3      | Killed Ijyb
  1945 | D:3      | Reached skill level 5 in Fighting
  2661 | D:3      | Noticed Grinder
  2667 | D:3      | Paralysed by Grinder for 2 turns
  2675 | D:3      | Killed Grinder
  2675 | D:3      | Reached XP level 7. HP: 41/45 MP: 7/7
  2920 | D:4      | Noticed Terence
  2989 | D:4      | Noticed Eustachio
  2996 | D:4      | Killed Terence
  3074 | D:4      | Killed Eustachio
  3074 | D:4      | Reached skill level 5 in Shields
  3318 | D:4      | Reached XP level 8. HP: 52/52 MP: 8/8
  3331 | D:4      | Noticed a hand axe
  3332 | D:4      | Noticed a hand axe
  3337 | D:4      | Found a hide-covered altar of Uskayaw.
  3517 | D:4      | Found the +9 staff of Wucad Mu {channel}
  3625 | D:5      | Entered Level 5 of the Dungeon
  3899 | D:5      | Noticed Duvessa
  3899 | D:5      | Noticed Dowan
  3919 | D:5      | Killed Duvessa
  4020 | D:5      | Killed Dowan
  4157 | D:5      | Found a stormy altar of Qazlal.
  5000 | D:6      | Reached XP level 9. HP: 49/58 MP: 9/9
  5225 | D:6      | Found a staircase to the Ecumenical Temple.
  5241 | Temple   | Entered the Ecumenical Temple
  5281 | Temple   | Became a worshipper of Warmaster Okawaru
  5414 | D:7      | Found Moiziplu's General Store.
  5512 | D:7      | Reached skill level 5 in Maces & Flails
  5942 | D:7      | Noticed Menkaure
  5955 | D:7      | Killed Menkaure
  5955 | D:7      | Reached * piety under Okawaru
  6216 | D:7      | Found Xuam Zesa's Book Emporium.
  6861 | D:8      | Found an ornate altar of the Wu Jian Council.
  7190 | D:8      | Found a glowing golden altar of the Shining One.
  7190 | D:8      | Found a shimmering altar of Xom.
  7234 | D:8      | Found a bloodstained altar of Trog.
  7693 | D:8      | Reached XP level 10. HP: 56/66 MP: 10/10
  8387 | D:9      | Reached ** piety under Okawaru
  8646 | D:9      | Mangled by a queen bee

Skill      XL: |  1  2  3  4  5  6  7  8  9 10 |
---------------+-------------------------------+-----
Fighting       | 4 5 6 7 9 |  9.9
Armour         | 4 5 6 7 9 |  9.9
Shields        | 4 5 6 7 |  7.4
Maces & Flails | 3 4 5 6 |  6.2

Action                   |  1- 3 |  4- 6 |  7- 9 | 10-12 || total
-------------------------+-------+-------+-------+-------++-------
Melee: Flail             |   110 |   147 |   682 |   182 ||  1121
       Kick              |    12 |    25 |       |       ||    37
       Unarmed           |       |     4 |       |       ||     4
  Use: Potion            |     6 |     2 |     4 |     1 ||    13
       Scroll            |     5 |     4 |     7 |       ||    16
  Eat: Chunk             |       |     6 |    18 |     5 ||    29
       Ration            |       |       |     2 |     1 ||     3
Armor: Scale mail        |    47 |       |       |       ||    47
       Chain mail        |       |    95 |   442 |   133 ||   670
Dodge: Dodged            |    31 |    41 |   195 |    43 ||   310
Block: Shield            |    59 |    70 |   433 |   132 ||   694
